 Dungeon Crawl Stone Soup version 0.26-a0-800-g517d6fe721 (webtiles) character file.

Game seed: 674396611349879850

9 marcb3 the Sneak (level 2, 0/13 HPs)
             Began as a Spriggan Enchanter on Nov 11, 2020.
             Slain by a hobgoblin
             ... wielding a +0 club
              (3 damage)
             ... on level 1 of the Dungeon.
             The game lasted 00:01:36 (698 turns).

marcb3 the Sneak (Spriggan Enchanter)                Turns: 698, Time: 00:01:37

Health: 0/13       AC:  2    Str:  4    XL:     2   Next: 3%
Magic:  4/6        EV: 18    Int: 16    God:
Gold:   31         SH:  0    Dex: 16    Spells: 5/6 levels left

rFire    . . .     SeeInvis +   a - +1 dagger
rCold    . . .     Faith    .   (shield restricted)
rNeg     . . .     Spirit   .   b - +0 robe
rPois    .         Reflect  .   (helmet restricted)
rElec    .         Harm     .   (no cloak)
rCorr    .         Rampage  .   (gloves unavailable)
MR       .....                  (boots unavailable)
Stlth    +++.......             (no amulet)
HPRegen  0.04/turn              (no ring)
MPRegen  0.10/turn              (no ring)

@: very quick
A: very small, unfitting armour, see invisible, speed 3
a: no special abilities


You were on level 1 of the Dungeon.
You visited 1 branch of the dungeon, and saw 1 of its levels.

You collected 31 gold pieces.

Inventory:

Hand Weapons
 a - a +1 dagger (weapon)
Armour
 b - a +0 robe (worn)
Scrolls
 e - a scroll of fear {unknown}
Potions
 c - a potion of heal wounds {unknown}
 d - a potion of attraction {unknown}


   Skills:
 + Level 1.5 Short Blades
 - Level 3.0 Dodging
 * Level 5.1 Stealth
 - Level 2.6 Spellcasting
 - Level 3.6 Hexes


You had 5 spell levels left.
You knew the following spells:

 Your Spells              Type           Power        Failure   Level
v - Corona                Hex            ##.....      4%          1

Your spell library contained the following spells:

 Spells                   Type           Power        Failure   Level
 Confusing Touch          Hex            ##......     13%         3
 Tukima's Dance           Hex            ##......     13%         3
 Ensorcelled Hibernation  Hex/Ice        #.....       14%         2
 Dazzling Flash           Conj/Hex       #.....       28%         3


Dungeon Overview and Level Annotations

Branches:
Dungeon (1/15)

Altars:


Innate Abilities, Weirdness & Mutations

You are very small and have problems with some larger weapons.
You are too small for most types of armour.
You have supernaturally acute eyesight. (SInv)
You cover ground extremely quickly.


Message History

The kobold barely misses you.
You barely miss the kobold.
A goblin comes into view. It is wielding a +0 dagger.
The kobold hits you.
You take 1 damage, and have 8/9 hp.
Unknown command.
Unknown command.
The kobold shouts!
The kobold throws a stone.
The stone closely misses you.
You see here a stone.
Aim: a kobold (chance to defeat MR: 67%)
The kobold is outlined in light.
You now have 4/5 mp.
You hit the kobold.
You kill the kobold!
The kobold hits you but does no damage.
Unknown command.
The kobold throws a stone.
The stone hits you.
You see here a stone.
You take 3 damage, and have 5/9 hp.
MASSIVE DAMAGE!!
Unknown command.
Aim: a kobold, wielding a +1 short sword of flaming and quivering a stone (chance to defeat MR: 67%)
The kobold is outlined in light.
The kobold throws a stone.
The stone closely misses you.
You now have 3/5 mp.
Unknown command.
The kobold completely misses you.
You hit the kobold but do no damage. The kobold misses you.
You hit the kobold but do no damage. The kobold completely misses you.
You hit the kobold. The kobold completely misses you.
You barely miss the kobold. The kobold misses you.
You hit the kobold.
You kill the kobold!
You have reached level 2!
You regained 3 hp, and now have 8/13 hp.
You see here a stone.
Aim: a hobgoblin, wielding a +0 club (chance to defeat MR: 67%)
The hobgoblin is outlined in light.
You now have 3/6 mp.
You hit the hobgoblin but do no damage. The hobgoblin hits you with a +0 club.
* * * LOW HITPOINT WARNING * * *
You take 5 damage, and have 3/13 hp.
MASSIVE DAMAGE!!
Unknown command.
You hit the hobgoblin. You hit the hobgoblin.
The hobgoblin hits you but does no damage.
You hit the hobgoblin but do no damage. The hobgoblin hits you with a +0 club.
You die...

...# ..........#.#####.# #. ..#
##.##.......#...#...# #.
............###.#.##### #.
......#..#......#.....# #.
..... #....##########.###.
##......#........ #.....
########.######## ##.##.
#....(......# #.##.
#####.##@#.##########.##. ..
...#.##g#.# ≈≈≈≈≈≈≈.≈###
...######.#.##..## ≈#≈≈≈≈≈...##
..#.........)### ##≈≈≈≈≈≈≈..
#.#...##...#.### ##≈≈≈≈≈≈##
##..#..##..#....## ###≈≈≈≈≈..
###....#....#...##.# #..≈≈≈≈≈.#
.......#..#....##.####..≈≈.≈..#
#..##(.##..##..........≈≈≈≈..#


You could see a hobgoblin (corona).

Vanquished Creatures
  A bat (D:1)
  2 goblins (D:1)
  A hobgoblin (D:1)
  A jackal (D:1)
  2 kobolds (D:1)
7 creatures vanquished.

Notes
Turn   | Place    | Note
-------+----------+-------------------------------------------
     0 | D:1      | marcb3 the Spriggan Enchanter began the quest for the Orb.
     0 | D:1      | Reached XP level 1. HP: 9/9 MP: 5/5
     3 | D:1      | Noticed an electric eel
     3 | D:1      | Noticed an electric eel
   278 | D:1      | HP: 1/9 [goblin (4)]
   279 | D:1      | Reached skill level 5 in Stealth
   691 | D:1      | Reached XP level 2. HP: 8/13 MP: 4/6
   695 | D:1      | HP: 3/13 [hobgoblin/+0 club (5)]
   698 | D:1      | Slain by a hobgoblin

Illustrated notes

Levels and vault maps discovered:
D:1:      arrival_aquarium_b, layout_loops_cross, minmay_misc_feat_square,
          minmay_misc_feat_ornament, minivault_4, minivault_26,
          chequers_serial_rivers_large_b, chequers_serial_rivers_large_a,
          minmay_three_crescents

Skill      XL: |  1 |
---------------+----+-----
Stealth        | 5 |  5.1
Short Blades   | |  1.5
Dodging        | |  3.0
Spellcasting   | |  2.6
Hexes          | |  3.6

Action                   || total
-------------------------++-------
Melee: Dagger            ||    30
 Cast: Corona            ||     8
 Stab: Sleeping          ||     1
Armor: Robe              ||     3
Dodge: Dodged            ||    20

Table legend: (Time is in decaauts)
 A = Elapsed time spent in this place.
 B = Non-inter-level travel time spent in this place.
 C = Inter-level travel time spent in this place.
 D = Time resting spent in this place.
 E = Time spent auto-exploring this place.
 F = Levels seen in this place.
 G = Mean time per level.
                   A        B        C        D        E       F      G
               +--------+--------+--------+--------+--------+-----+--------+
         Total |    603 |    603 |      0 |    129 |    377 |   1 |  603.0 |
       Dungeon |    603 |    603 |      0 |    129 |    377 |   1 |  603.0 |
               +--------+--------+--------+--------+--------+-----+--------+

Top non-repeatable levels by time:
     D:1: 603 daAuts

Table legend:
 A = Kills in this place as a percentage of kills in entire the game.
 B = Kills by you in this place as a percentage of kills by you in the entire game.
 C = Kills by friends in this place as a percentage of kills by friends in the entire game.
 D = Other kills in this place as a percentage of other kills in the entire game.
 E = Experience gained in this place as a percentage of experience gained in the entire game.
 F = Experience gained in this place divided by the number of levels of this place that you have seen.
                   A       B       C       D       E      F
               +-------+-------+-------+-------+-------+----------------------
         Total | 100.0 | 100.0 |   N/A |   N/A | 100.0 |  13.0
       Dungeon | 100.0 | 100.0 |   N/A |   N/A | 100.0 |  13.0
               +-------+-------+-------+-------+-------+----------------------
